AoeStats
← WoodChuckle

Arabia

509775669Analyzed
1v1 RM · 5d ago on Sep 28, 2026· 30m 36s· 2 players
Game mode
Random Map
Map size
Tiny (2 player)
Population
200
Speed
Normal
Resources
Standard
Victory
Conquest
Starting age
Dark Age
Ending age
Imperial Age
RankedLock teamsTeams togetherTeam positionsShared explorationLock speedFull tech treeHidden civsTurbo modeCheats
Victory
Defeat
🇺🇸 Byzantines · United States
952
+41
🇧🇷 Portuguese · Brazil
908
-40
ACRAGT
13:46 Feudal Age
14:24 Horse Collar
16:29 Wheelbarrow
17:46 Double-Bit Axe
21:48 Bloodlines
28:10 Scale Barding Armor
28:17 Forging
28:19 Scale Barding Armor
WoodChuckle
12:10 Feudal Age
12:44 Horse Collar
12:52 Double-Bit Axe
12:59 Gold Mining
13:48 Man-at-Arms
16:49 Fletching
20:01 Padded Archer Armor
20:13 Forging
22:02 Wheelbarrow
25:03 Castle Age
23:52 Arson
24:29 Scale Mail Armor
24:35 Scale Barding Armor
26:53 Hand Cart
26:42 Heavy Plow
26:54 Bow Saw
26:38 Stone Mining
Connection lost

Rejoining the realm…

Still unreachable

The connection could not be restored.

Session expired

The server has moved on; the page needs a fresh start.